 Dungeon Crawl Stone Soup version 0.31.0-32-g396128a36d (webtiles) character file.

Game seed: 12797189671585995447

439 Doomgape the Trooper (level 7, -1/44 HPs)
             Began as a Gargoyle Fighter on Apr 6, 2024.
             Slain by a kobold
             ... wielding a +0 short sword
              (4 damage)
             ... in a sewer.
             The game lasted 00:05:00 (2433 turns).

Doomgape the Trooper (Gargoyle Fighter)             Turns: 2433, Time: 00:05:01

Health: -1/44      AC: 12    Str: 21    XL:     7   Next: 1%
Magic:  7/7        EV:  9    Int:  9    God:
Gold:   53         SH:  4    Dex:  9    Spells: 6/6 levels left

rFire   . . .        a - +0 flail
rCold   . . .        c - +0 buckler
rNeg    + . .        b - +0 scale mail
rPois   ∞            (no helmet)
rElec   +            (no cloak)
rCorr   .            (no gloves)
SInv    .            (no boots)
Will    .....        (no amulet) Stlth
                     (no ring)
HPRegen 0.27/turn    (no ring)
MPRegen 0.10/turn

%: no passive effects
@: no status effects
A: sickness immunity, AC +4, negative energy resistance 1, electricity
resistance, torment resistance 1, petrification resistance
a: no special abilities


You were in a sewer.
You visited 1 branch of the dungeon, and saw 3 of its levels.
You also visited: Sewer.

You collected 53 gold pieces.

Inventory:

Hand Weapons
 a - a +0 flail (weapon)
Missiles
 d - 2 throwing nets (quivered)
Armour
 b - a +0 scale mail (worn)
 c - a +0 buckler (worn)
Jewellery
 n - an amulet of the acrobat
Scrolls
 f - a scroll of teleportation {unknown}
 i - 2 scrolls of poison {unknown}
 j - 2 scrolls of identify {unknown}
 l - a scroll of fear {unknown}
 p - a scroll of amnesia {unknown}
Potions
 e - 2 potions of brilliance {unknown}
 g - a potion of cancellation {unknown}
 h - 2 potions of attraction {unknown}
 k - a potion of degeneration {unknown}
 m - a potion of heal wounds {unknown}
 o - 2 potions of mutation {unknown}


   Skills:
 + Level 5.2 Fighting
 + Level 4.0 Maces & Flails
 + Level 5.2 Armour
 - Level 4.5 Shields


You had 6 spell levels left.
You didn't know any spells.
Your spell library contained the following spells:

 Spells                   Type           Power      Damage    Failure   Level
 Shock                    Conj/Air       0%         1d3       78%         1
 Summon Small Mammal      Summ           0%         N/A       78%         1
 Stone Arrow              Conj/Erth      0%         3d7       98%         3
 Animate Armour           Summ/Erth      0%         N/A       100%        4
 Lehudib's Crystal Spear  Conj/Erth      0%         10d2      100%        8
 Dragon's Call            Summ           0%         N/A       100%        9
 Cigotuvi's Dreadful Rot  Necr/Alch/Air  Unusable   N/A       N/A         2

Dungeon Overview and Level Annotations

Branches:
Dungeon (3/15)              Sewer (1/1)

Altars:


Innate Abilities, Weirdness & Mutations

You are immune to sickness and miasma.
Your stone body is resilient. (AC +4)
You are immune to poison.
You resist negative energy. (rN+)
You are resistant to electric shocks. (rElec)
You are resistant to unholy torment.
You are immune to petrification.


Message History

* * * LOW HITPOINT WARNING * * *
You closely miss the kobold.
The kobold is moderately wounded.
The kobold barely misses you.
You hit the kobold.
The kobold is heavily wounded.
The kobold hits you but does no damage.
You hit the kobold but do no damage.
The kobold is heavily wounded.
The kobold hits you with a +0 short sword.
* * * LOW HITPOINT WARNING * * *
You barely miss the kobold.
The kobold is heavily wounded.
The kobold completely misses you.
You barely miss the kobold.
The kobold is heavily wounded.
The kobold hits you with a +0 short sword.
* * * LOW HITPOINT WARNING * * *
The kobold barely misses you.
You closely miss the kobold.
The kobold is heavily wounded.
The kobold misses you.
You hit the kobold but do no damage.
The kobold is heavily wounded.
You block the kobold's attack.
You hit the kobold but do no damage.
The kobold is heavily wounded.
The kobold hits you but does no damage.
You barely miss the kobold.
The kobold is heavily wounded.
You block the kobold's attack.
You barely miss the kobold.
The kobold is heavily wounded.
You block the kobold's attack.
The kobold hits you with a +0 short sword.
* * * LOW HITPOINT WARNING * * *
You barely miss the kobold.
The kobold is heavily wounded.
The kobold hits you with a +0 short sword.
You die...

### ##### ..## ##..~##
####
...#####....~#####....#
..~~~~~~~.......@K!~.#
...#####....~#####~?..#
..## ##~~~## .### ~##
##~## # ~# #~# ~# #~#
~## ##~## ##### ~~##
##...## ##~..##
...#####~....####~....#


You could see a kobold.

Vanquished Creatures
  3 kobold brigands (Sewer)
  A bombardier beetle (D:3)
  8 gnolls
  4 adders
  2 river rats (D:3)
  A dart slug (D:2)
  2 ribbon worms
  3 bats
  7 endoplasms
  3 giant cockroaches
  2 hobgoblins (D:1)
  2 quokkas
  9 ball pythons
  7 frilled lizards
  11 kobolds
  11 rats
76 creatures vanquished.

Notes
Turn   | Place    | Note
-------+----------+-------------------------------------------
     0 | D:1      | Doomgape the Gargoyle Fighter began the quest for the Orb.
     0 | D:1      | Reached XP level 1. HP: 14/14 MP: 1/1
   328 | D:1      | Reached XP level 2. HP: 19/19 MP: 2/2
   528 | D:1      | Got the Meditations on Breezy Accomplices
   959 | D:2      | Reached XP level 3. HP: 14/23 MP: 3/3
  1076 | D:2      | Reached XP level 4. HP: 29/29 MP: 4/4
  1745 | D:3      | Reached XP level 5. HP: 14/33 MP: 5/5
  2063 | D:3      | Found a faded altar of an unknown god.
  2126 | D:3      | Found a glowing drain.
  2149 | Sewer    | Entered a sewer
  2244 | Sewer    | Reached XP level 6. HP: 36/39 MP: 6/6
  2400 | Sewer    | Reached skill level 5 in Fighting
  2400 | Sewer    | Reached skill level 5 in Armour
  2422 | Sewer    | Reached XP level 7. HP: 6/44 MP: 7/7
  2422 | Sewer    | HP: 2/44 [kobold/+0 short sword (4)]
  2427 | Sewer    | HP: 2/44 [kobold/+0 short sword (1)]
  2432 | Sewer    | HP: 2/44 [kobold/+0 short sword (1)]
  2433 | Sewer    | Slain by a kobold

Illustrated notes

Levels and vault maps discovered:
D:1:      lemuel_arrival_lava_pool, layout_basic, chequers_garden,
          hex_intersection, grunt_decor_clamped, minmay_lizard_king
D:2:      layout_basic
D:3:      layout_rooms, dreamdust_ecumenical_altar_grove, portal_sewer_entry_e,
          nicolae_houndstooth_variations
Sewer:    sewer_co_15_rooms

Skill      XL: |  1  2  3  4  5  6 |
---------------+-------------------+-----
Shields        | 4 |  4.5
Armour         | 4 5 |  5.2
Fighting       | 4 5 |  5.2
Maces & Flails | 3 4 |  4.0

Action                     |  1- 3 |  4- 6 |  7- 9 || total
---------------------------+-------+-------+-------++-------
  Melee: Flail             |    65 |   224 |    12 ||   301
    Use: Potion            |       |     1 |       ||     1
 Armour: Scale mail        |    46 |   179 |     7 ||   232
  Dodge: Dodged            |    29 |   112 |     5 ||   146
  Block: Buckler           |    16 |    59 |     3 ||    78
